Ice Dragons vs Mustangs
Created - January 13, 2019 at 19:02
Goals
|
| Ice Dragons |
1 |
1 |
0 |
2 |
| Mustangs |
1 |
2 |
1 |
4 |
|
Shots
|
| Ice Dragons |
14 |
11 |
13 |
38 |
| Mustangs |
12 |
9 |
3 |
24 |
|
1st period
1. Ice Dragons , Matt Corrente 1 (Luke Adam 9, Stefan Ruzicka 26) at 12:29 (PP)
2. Mustangs , Andrew Shaw 20 (Melker Karlsson 22) at 12:39
Penalties :
Anders Nilsson (Kin) for Slashing (Minor) at 9:23 - Samuel Groulx served the penalty, Melker Karlsson (Ham) for Hooking (Minor) at 12:13, Michael Ferland (Kin) for Hooking (Minor) at 19:04
2nd period
3. Mustangs , Tomas Tatar 27 (Melker Karlsson 23) at 0:08 (PP)
4. Mustangs , Andrew Shaw 21 (Melker Karlsson 24) at 6:52 (SH)
5. Ice Dragons , Luke Adam 13 (Alex Plante 6, William Carrier 7) at 13:39
Penalties :
JT Compher (Ham) for Hooking (Minor) at 6:32
3rd period
6. Mustangs , Tomas Tatar 28 (Melker Karlsson 25) at 3:30
Penalties :
Francis Paré (Ham) for Tripping (Minor) at 3:15, Matt Corrente (Kin) for Cross-checking (Minor) at 3:20
Goalie Stats
Anders Nilsson (Kin), 20 saves from 24 shots - (0.833), L, 7-14-0, 60:00 minutes
Joacim Eriksson (Ham), 36 saves from 38 shots - (0.947), W, 2-4-0, 60:00 minutes
Players Stats for Ice Dragons
Player Name G A P +/- PIM S H SB GA TA FO MP PP MP PK MP
------------------------------------------------------------------------------------
Alex Plante 0 1 1 1 0 0 1 1 0 0 0/0 13:27 0:00 0:00
Brandon Kozun 0 0 0 0 0 6 1 1 1 0 0/2 18:06 0:44 0:37
Brayden McNabb 0 0 0 -3 0 3 2 1 0 1 0/0 24:36 1:44 2:09
Chris Wagner 0 0 0 0 0 1 0 0 0 0 0/1 13:18 0:00 0:18
Christian Djoos 0 0 0 0 0 0 0 0 0 0 0/0 4:45 0:00 0:00
Cole Ully 0 0 0 0 0 0 3 0 0 0 0/0 13:10 0:00 0:00
Damon Severson 0 0 0 0 0 2 1 0 0 0 0/0 17:25 0:36 0:59
Emil Pettersson 0 0 0 0 0 0 0 0 0 0 2/2 8:46 0:00 0:05
Justin Shugg 0 0 0 0 0 0 0 0 0 0 0/0 8:01 0:00 0:00
Luke Adam 1 1 2 -2 0 7 1 0 0 0 9/25 20:00 1:36 2:08
Matt Corrente 1 0 1 -2 2 7 3 4 0 1 0/0 25:17 1:43 2:09
Michael Chaput 0 0 0 0 0 3 1 1 1 0 6/13 18:00 0:44 0:37
Michael Ferland 0 0 0 0 2 1 2 0 0 1 0/1 17:34 0:44 0:18
Michael Stone 0 0 0 0 0 2 0 0 0 0 0/0 17:40 0:36 0:59
Sam Carrick 0 0 0 0 0 2 1 1 0 1 1/3 13:40 0:00 0:05
Samuel Groulx 0 0 0 0 0 0 0 1 0 0 0/0 15:39 0:00 0:00
Stefan Ruzicka 0 1 1 -2 0 4 0 1 1 1 3/10 23:03 1:36 2:08
William Carrier 0 1 1 -1 0 0 0 0 0 0 0/0 16:06 1:36 0:00
Players Stats for Mustangs
Player Name G A P +/- PIM S H SB GA TA FO MP PP MP PK MP
------------------------------------------------------------------------------------
Alexei Marchenko 0 0 0 0 0 2 1 0 0 0 0/0 18:52 1:28 0:42
Andrew Shaw 2 0 2 2 0 4 1 0 1 1 0/1 21:28 1:58 1:38
Ben Harpur 0 0 0 -1 0 0 1 0 0 1 0/0 12:39 0:00 0:00
Brady Skjei 0 0 0 3 0 3 1 6 0 0 0/0 26:55 1:40 1:38
Curtis Hamilton 0 0 0 0 0 0 0 0 0 0 0/0 9:12 0:00 0:00
Derek Joslin 0 0 0 3 0 3 1 1 0 0 0/0 27:32 1:40 1:38
Francis Paré 0 0 0 0 2 0 1 0 0 0 0/0 9:14 0:01 0:00
Jerome Samson 0 0 0 0 0 1 1 0 0 0 1/1 10:57 0:00 0:00
Jim O'Brien 0 0 0 0 0 1 2 0 1 0 1/1 10:58 0:00 0:00
Josh Jooris 0 0 0 -1 0 1 3 0 1 0 0/0 15:17 1:09 0:00
Joshua Leivo 0 0 0 -1 0 1 0 0 1 0 1/1 16:08 1:09 0:00
JT Compher 0 0 0 0 2 1 0 0 1 0 0/0 10:51 0:00 0:00
Mark Pysyk 0 0 0 0 0 1 1 2 0 0 0/0 18:50 1:28 0:42
Melker Karlsson 0 4 4 3 2 0 3 1 0 0 23/35 22:31 1:59 1:24
Michael McCarron 0 0 0 0 0 0 0 0 0 0 0/1 9:11 0:00 0:00
Scott Mayfield 0 0 0 -1 0 0 2 1 0 0 0/0 12:00 0:00 0:00
Stefan Matteau 0 0 0 -1 0 2 0 0 0 1 9/15 16:53 1:09 0:56
Tomas Tatar 2 0 2 2 0 4 2 0 0 0 1/2 21:43 1:59 0:42
3 Stars
1 - Melker Karlsson (Ham)
2 - Tomas Tatar (Ham)
3 - Andrew Shaw (Ham)
Power Play
Ice Dragons - 1 on 3 Attempt(s) - 33.33%
Mustangs - 1 on 3 Attempt(s) - 33.33%
Penalty Kill
Ice Dragons - 2 on 3 Attempt(s) - 66.67%
- Score 0 goal in Penalty Kill
Mustangs - 2 on 3 Attempt(s) - 66.67%
- Score 1 goal in Penalty Kill
Team Stat
Ice Dragons - Hits : 16 - Faceoff Wins : 21 - Blocked Shots : 11 - Penalty Minutes : 6
Mustangs - Hits : 20 - Faceoff Wins : 36 - Blocked Shots : 11 - Penalty Minutes : 6
Official
Referees : Unknown
Linesman : Unknown
Game Notes
No Game Note
Finance
Level 1 -- Attendance: 1408 (70.40%) -- Ticket Income $56,320
Level 2 -- Attendance: 714 (71.40%) -- Ticket Income $14,280
Total Attendance: 2122 (70.73%)
Total Ticket Income: $70,600
Other Income: $3,530
Total Income: $74,130
Ice Dragons
5 vs 5 Forward
Center Left Wing Right Wing Time % Phy DF OF
1 Luke Adam William Carrier Stefan Ruzicka 40 1 2 2
2 Michael Chaput Michael Ferland Brandon Kozun 30 1 2 2
3 Sam Carrick Cole Ully Chris Wagner 20 1 2 2
4 Emil Pettersson Stefan Ruzicka Justin Shugg 10 1 2 2
5 vs 5 Defense
Defense Defense Time % Phy DF OF
1 Matt Corrente Brayden McNabb 40 1 2 2
2 Michael Stone Damon Severson 30 1 2 2
3 Samuel Groulx Alex Plante 20 1 2 2
4 Christian Djoos Matt Corrente 10 1 2 2
PowerPlay Forward
Center Left Wing Right Wing Time % Phy DF OF
1 Luke Adam William Carrier Stefan Ruzicka 60 1 2 2
2 Michael Chaput Michael Ferland Brandon Kozun 40 1 2 2
PowerPlay Defense
Defense Defense Time % Phy DF OF
1 Matt Corrente Brayden McNabb 60 1 2 2
2 Michael Stone Damon Severson 40 1 2 2
Penalty Kill 4 Players Forward
Center Wing Time % Phy DF OF
1 Stefan Ruzicka Luke Adam 60 1 2 2
2 Michael Chaput Brandon Kozun 40 1 2 2
Penalty Kill 4 Players Defense
Defense Defense Time % Phy DF OF
1 Matt Corrente Brayden McNabb 60 1 2 2
2 Michael Stone Damon Severson 40 1 2 2
Penalty Kill - 3 Players Forward
Forward Time % Phy DF OF
1 Stefan Ruzicka 60 1 2 2
2 Luke Adam 40 1 2 2
Penalty Kill - 3 Players Defense
Defense Defense Time % Phy DF OF
1 Matt Corrente Brayden McNabb 60 1 2 2
2 Michael Stone Damon Severson 40 1 2 2
4 vs 4 Forward
Center Wing Time % Phy DF OF
1 Stefan Ruzicka Luke Adam 60 1 2 2
2 Michael Chaput Brandon Kozun 40 1 2 2
4 vs 4 Defense
Defense Defense Time % Phy DF OF
1 Matt Corrente Brayden McNabb 60 1 2 2
2 Michael Stone Damon Severson 40 1 2 2
Last Minutes Offensive
Center Left Wing Right Wing Defense Defense
Luke Adam William Carrier Stefan Ruzicka Matt Corrente Brayden McNabb
Last Minutes Defensive
Center Left Wing Right Wing Defense Defense
Luke Adam William Carrier Stefan Ruzicka Matt Corrente Brayden McNabb
Goaltenders
Starting : Anders Nilsson
Backup : Harru Sateri
Extra Forwards
Normal : Sam Carrick, Emil Pettersson, Chris Wagner - PP : Sam Carrick, Emil Pettersson - PK : Chris Wagner
Extra Defensemen
Normal : Samuel Groulx, Alex Plante, Christian Djoos - PP : Samuel Groulx - PK : Alex Plante, Christian Djoos
Penalty Shots
Stefan Ruzicka, Luke Adam, Michael Chaput, Brandon Kozun, Sam Carrick
Scratches
Brian Boyle (Fractured Metatarsal (Right Foot) Injury), Thomas Gobeil (Healthy), Theodor Blueger (Healthy), David Rundblad (Broken Left Thumb Injury), Kevin Connauton (Healthy)
Alex Henriksson (Healthy), Logan MacMillan (Lacerated Left Calf Injury), Oscar Dansk (Healthy)
Mustangs
5 vs 5 Forward
Center Left Wing Right Wing Time % Phy DF OF
1 Melker Karlsson Tomas Tatar Andrew Shaw 40 1 2 2
2 Stefan Matteau Joshua Leivo Josh Jooris 30 1 2 2
3 Jim O'Brien JT Compher Jerome Samson 20 1 2 2
4 Michael McCarron Curtis Hamilton Francis Paré 10 1 2 2
5 vs 5 Defense
Defense Defense Time % Phy DF OF
1 Brady Skjei Derek Joslin 44 1 2 2
2 Mark Pysyk Alexei Marchenko 33 1 2 2
3 Scott Mayfield Ben Harpur 23 1 2 2
4 Brady Skjei Alexei Marchenko 0 1 2 2
PowerPlay Forward
Center Left Wing Right Wing Time % Phy DF OF
1 Melker Karlsson Tomas Tatar Andrew Shaw 60 1 2 2
2 Stefan Matteau Joshua Leivo Josh Jooris 40 1 2 2
PowerPlay Defense
Defense Defense Time % Phy DF OF
1 Brady Skjei Derek Joslin 60 1 2 2
2 Mark Pysyk Alexei Marchenko 40 1 2 2
Penalty Kill 4 Players Forward
Center Wing Time % Phy DF OF
1 Melker Karlsson Andrew Shaw 60 1 2 2
2 Stefan Matteau Tomas Tatar 40 1 2 2
Penalty Kill 4 Players Defense
Defense Defense Time % Phy DF OF
1 Brady Skjei Derek Joslin 60 1 2 2
2 Mark Pysyk Alexei Marchenko 40 1 2 2
Penalty Kill - 3 Players Forward
Forward Time % Phy DF OF
1 Melker Karlsson 60 1 2 2
2 Tomas Tatar 40 1 2 2
Penalty Kill - 3 Players Defense
Defense Defense Time % Phy DF OF
1 Brady Skjei Derek Joslin 60 1 2 2
2 Mark Pysyk Alexei Marchenko 40 1 2 2
4 vs 4 Forward
Center Wing Time % Phy DF OF
1 Melker Karlsson Tomas Tatar 60 1 2 2
2 Stefan Matteau Joshua Leivo 40 1 2 2
4 vs 4 Defense
Defense Defense Time % Phy DF OF
1 Brady Skjei Derek Joslin 60 1 2 2
2 Mark Pysyk Alexei Marchenko 40 1 2 2
Last Minutes Offensive
Center Left Wing Right Wing Defense Defense
Melker Karlsson Tomas Tatar Andrew Shaw Brady Skjei Alexei Marchenko
Last Minutes Defensive
Center Left Wing Right Wing Defense Defense
Melker Karlsson Tomas Tatar Andrew Shaw Brady Skjei Alexei Marchenko
Goaltenders
Starting : Joacim Eriksson
Backup : Chet Pickard
Extra Forwards
Normal : Melker Karlsson, Stefan Matteau, Jim O'Brien - PP : Tomas Tatar, Joshua Leivo - PK : Melker Karlsson
Extra Defensemen
Normal : Brady Skjei, Mark Pysyk, Scott Mayfield - PP : Brady Skjei - PK : Alexei Marchenko, Scott Mayfield
Penalty Shots
Andrew Shaw, Joshua Leivo, JT Compher, Melker Karlsson, Stefan Matteau
Scratches
Ryan Graves (Healthy), Eric Knodel (Healthy), Matthew Finn (Healthy), Danny Biega (Healthy), Kurtis Gabriel (Healthy)
Raphael Bussieres (Healthy), Dakota Mermis (Healthy), Sam Kurker (Healthy), Max Gortz (Healthy), Riley Nash (Healthy)
Anthony Stolarz (Healthy)
% Time on Ice - Ice Dragons
Lines # - Real PCT - Wanted PCT - Time Play
Normal Forward
1 - 35% - 40% - 18:21
2 - 32% - 30% - 16:48
3 - 22% - 20% - 11:29
4 - 11% - 10% - 6:00
Normal Defense
1 - 37% - 40% - 19:36
2 - 30% - 30% - 15:43
3 - 27% - 20% - 14:24
4 - 6% - 10% - 2:55
PP Forward
1 - 69% - 60% - 1:36
2 - 31% - 40% - 0:44
PP Defense
1 - 74% - 60% - 1:44
2 - 26% - 40% - 0:36
PK Forward
1 - 80% - 60% - 2:31
2 - 20% - 40% - 0:37
PK Defense
1 - 69% - 60% - 2:09
2 - 31% - 40% - 0:59
PK3 Forward
1 - 0% - 60%
2 - 0% - 40%
PK3 Defense
1 - 0% - 60%
2 - 0% - 40%
44 Forward
1 - 72% - 60% - 1:22
2 - 28% - 40% - 0:32
44 Defense
1 - 71% - 60% - 1:21
2 - 29% - 40% - 0:33
Last Minute Offensive - 0:00
Last Minute Defensive - 0:00
Total
Forward - 60:00
Defense - 60:00
|
% Time on Ice - Mustangs
Lines # - Real PCT - Wanted PCT - Time Play
Normal Forward
1 - 35% - 40% - 18:29
2 - 31% - 30% - 16:29
3 - 19% - 20% - 9:59
4 - 15% - 10% - 7:41
Normal Defense
1 - 44% - 44% - 23:07
2 - 33% - 33% - 17:19
3 - 23% - 23% - 12:11
4 - 0% - 0% - 0:01
PP Forward
1 - 63% - 60% - 1:59
2 - 37% - 40% - 1:09
PP Defense
1 - 53% - 60% - 1:40
2 - 47% - 40% - 1:28
PK Forward
1 - 94% - 60% - 2:11
2 - 6% - 40% - 0:09
PK Defense
1 - 70% - 60% - 1:38
2 - 30% - 40% - 0:42
PK3 Forward
1 - 0% - 60%
2 - 0% - 40%
PK3 Defense
1 - 0% - 60%
2 - 0% - 40%
44 Forward
1 - 66% - 60% - 1:15
2 - 34% - 40% - 0:39
44 Defense
1 - 66% - 60% - 1:15
2 - 34% - 40% - 0:39
Last Minute Offensive - 0:00
Last Minute Defensive - 0:00
Total
Forward - 60:00
Defense - 60:00
|
Play-by-Play
1st period
0:01 of 1st period - Luke Adam wins face-off versus Melker Karlsson in neutral zone.
0:04 of 1st period - Tomas Tatar is hit by Luke Adam and loses puck.
0:55 of 1st period - Sam Carrick is hit by Alexei Marchenko and loses puck.
1:42 of 1st period - Snap shot by Andrew Shaw.
1:42 of 1st period - Shot Blocked by Samuel Groulx.
2:06 of 1st period - Wrist shot by Chris Wagner.
2:06 of 1st period - Stopped by Joacim Eriksson with a rebound.
2:52 of 1st period - Slapshot by Matt Corrente.
2:52 of 1st period - Stopped by Joacim Eriksson with a rebound.
3:00 of 1st period - Sam Carrick is hit by Josh Jooris and loses puck.
3:20 of 1st period - Backhand shot by Damon Severson.
3:20 of 1st period - Shot Blocked by Brady Skjei.
3:37 of 1st period - Matt Corrente is hit by Melker Karlsson and loses puck.
3:55 of 1st period - Michael Stone is hit by Jerome Samson and loses puck.
4:06 of 1st period - Wrist shot by Sam Carrick.
4:06 of 1st period - Stopped by Joacim Eriksson without a rebound.
4:07 of 1st period - Stefan Matteau wins face-off versus Luke Adam in Mustangs zone.
4:23 of 1st period - Off-side.
4:24 of 1st period - Melker Karlsson wins face-off versus Michael Chaput in neutral zone.
4:29 of 1st period - Snap shot by Tomas Tatar.
4:29 of 1st period - Shot Blocked by Matt Corrente.
4:31 of 1st period - Slapshot by Derek Joslin.
4:31 of 1st period - Deflect By Tomas Tatar.
4:31 of 1st period - Shot Misses the Net.
4:31 of 1st period - Puck is out of play.
4:32 of 1st period - Michael Chaput wins face-off versus Melker Karlsson in Ice Dragons zone.
5:02 of 1st period - Snap shot by Tomas Tatar.
5:02 of 1st period - Stopped by Anders Nilsson without a rebound.
5:03 of 1st period - Luke Adam wins face-off versus Stefan Matteau in Ice Dragons zone.
5:14 of 1st period - Wrist shot by Luke Adam.
5:14 of 1st period - Deflect By Mark Pysyk.
5:14 of 1st period - Stopped by Joacim Eriksson with a rebound.
5:16 of 1st period - Slapshot by William Carrier.
5:16 of 1st period - Shot Hit the Post.
5:18 of 1st period - Wrist shot by Stefan Ruzicka.
5:18 of 1st period - Deflect By Luke Adam.
5:18 of 1st period - Stopped by Joacim Eriksson with a rebound.
5:28 of 1st period - Alexei Marchenko is hit by Damon Severson and loses puck.
7:16 of 1st period - Slapshot by Michael Chaput.
7:16 of 1st period - Stopped by Joacim Eriksson with a rebound.
7:18 of 1st period - Wrist shot by Brandon Kozun.
7:18 of 1st period - Stopped by Joacim Eriksson with a rebound.
7:42 of 1st period - Slapshot by Jim O'Brien.
7:42 of 1st period - Stopped by Anders Nilsson with a rebound.
8:04 of 1st period - Wrist shot by Stefan Matteau.
8:04 of 1st period - Stopped by Anders Nilsson with a rebound.
8:22 of 1st period - Luke Adam is hit by Mark Pysyk and loses puck.
9:11 of 1st period - Icing by Josh Jooris.
9:12 of 1st period - Emil Pettersson wins face-off versus Stefan Matteau in Mustangs zone.
9:21 of 1st period - Slapshot by Josh Jooris.
9:21 of 1st period - Shot Misses the Net.
9:23 of 1st period - Slapshot by Derek Joslin.
9:23 of 1st period - Stopped by Anders Nilsson without a rebound.
9:23 of 1st period - Minor Penalty to Anders Nilsson for Slashing.
9:24 of 1st period - Stefan Ruzicka wins face-off versus Melker Karlsson in Ice Dragons zone.
10:01 of 1st period - Wrist shot by Joshua Leivo.
10:01 of 1st period - Deflect By Josh Jooris.
10:01 of 1st period - Shot Misses the Net.
10:01 of 1st period - Puck is out of play.
10:02 of 1st period - Michael Chaput wins face-off versus Stefan Matteau in Ice Dragons zone.
10:57 of 1st period - Off-side.
10:58 of 1st period - Stefan Matteau wins face-off versus Chris Wagner in neutral zone.
11:07 of 1st period - Wrist shot by Josh Jooris.
11:07 of 1st period - Stopped by Anders Nilsson without a rebound.
11:08 of 1st period - Melker Karlsson wins face-off versus Stefan Ruzicka in Ice Dragons zone.
11:23 of 1st period - Penalty to Samuel Groulx is over, Samuel Groulx is back on ice.
11:33 of 1st period - Wrist shot by Jerome Samson.
11:33 of 1st period - Shot Misses the Net.
11:35 of 1st period - Slapshot by Derek Joslin.
11:35 of 1st period - Deflect By Luke Adam.
11:35 of 1st period - Stopped by Anders Nilsson with a rebound.
11:37 of 1st period - Slapshot by Derek Joslin.
11:37 of 1st period - Shot Blocked by Matt Corrente.
11:39 of 1st period - Slapshot by Jerome Samson.
11:39 of 1st period - Shot Blocked by Matt Corrente.
11:41 of 1st period - Backhand shot by Jim O'Brien.
11:41 of 1st period - Shot Misses the Net.
11:43 of 1st period - Wrist shot by JT Compher.
11:43 of 1st period - Stopped by Anders Nilsson without a rebound.
11:44 of 1st period - Melker Karlsson wins face-off versus Michael Chaput in Ice Dragons zone.
11:51 of 1st period - Snap shot by Damon Severson.
11:51 of 1st period - Deflect By Michael Chaput.
11:51 of 1st period - Shot Misses the Net.
11:51 of 1st period - Puck is out of play.
11:52 of 1st period - Melker Karlsson wins face-off versus Michael Ferland in Mustangs zone.
12:13 of 1st period - Minor Penalty to Melker Karlsson for Hooking.
12:14 of 1st period - Luke Adam wins face-off versus Stefan Matteau in Mustangs zone.
12:25 of 1st period - Wrist shot by Luke Adam.
12:25 of 1st period - Shot Blocked by Brady Skjei.
12:27 of 1st period - Slapshot by Matt Corrente.
12:27 of 1st period - Stopped by Joacim Eriksson with a rebound.
12:29 of 1st period - Snap shot by Matt Corrente.
12:29 of 1st period - Goal by Matt Corrente - Ice Dragons : 1 - Mustangs : 0.
12:30 of 1st period - Melker Karlsson wins face-off versus Luke Adam in neutral zone.
12:39 of 1st period - Wrist shot by Andrew Shaw.
12:39 of 1st period - Goal by Andrew Shaw - Ice Dragons : 1 - Mustangs : 1.
12:40 of 1st period - Luke Adam wins face-off versus Melker Karlsson in neutral zone.
12:45 of 1st period - Wrist shot by Stefan Ruzicka.
12:45 of 1st period - Shot Misses the Net.
13:53 of 1st period - Snap shot by Derek Joslin.
13:53 of 1st period - Stopped by Anders Nilsson without a rebound.
13:54 of 1st period - Luke Adam wins face-off versus Michael McCarron in Ice Dragons zone.
14:09 of 1st period - Slapshot by Luke Adam.
14:09 of 1st period - Stopped by Joacim Eriksson with a rebound.
14:26 of 1st period - Wrist shot by Michael Chaput.
14:26 of 1st period - Shot Misses the Net.
14:28 of 1st period - Snap shot by Samuel Groulx.
14:28 of 1st period - Shot Hit the Post.
14:58 of 1st period - Off-side.
14:59 of 1st period - Jim O'Brien wins face-off versus Luke Adam in neutral zone.
15:08 of 1st period - Slapshot by Stefan Ruzicka.
15:08 of 1st period - Shot Blocked by Mark Pysyk.
15:10 of 1st period - Snap shot by Luke Adam.
15:10 of 1st period - Stopped by Joacim Eriksson without a rebound.
15:11 of 1st period - Melker Karlsson wins face-off versus Luke Adam in Mustangs zone.
15:26 of 1st period - Slapshot by Luke Adam.
15:26 of 1st period - Stopped by Joacim Eriksson without a rebound.
15:27 of 1st period - Stefan Matteau wins face-off versus Brandon Kozun in Mustangs zone.
15:27 of 1st period - Stefan Matteau is hit by Matt Corrente.
16:16 of 1st period - Derek Joslin is hit by Brayden McNabb and loses puck.
16:37 of 1st period - Slapshot by Derek Joslin.
16:37 of 1st period - Shot Blocked by Brandon Kozun.
16:39 of 1st period - Snap shot by Francis Paré.
16:39 of 1st period - Shot Blocked by Michael Chaput.
16:41 of 1st period - Slapshot by Brady Skjei.
16:41 of 1st period - Stopped by Anders Nilsson with a rebound.
16:57 of 1st period - Backhand shot by Damon Severson.
16:57 of 1st period - Stopped by Joacim Eriksson with a rebound.
17:20 of 1st period - Snap shot by Tomas Tatar.
17:20 of 1st period - Shot Misses the Net.
17:22 of 1st period - Wrist shot by Mark Pysyk.
17:22 of 1st period - Shot Hit the Post.
17:24 of 1st period - Wrist shot by Mark Pysyk.
17:24 of 1st period - Shot Blocked by Stefan Ruzicka.
17:58 of 1st period - Wrist shot by Sam Carrick.
17:58 of 1st period - Shot Misses the Net.
18:12 of 1st period - Josh Jooris is hit by Michael Chaput and loses puck.
18:25 of 1st period - Stefan Ruzicka is hit by Derek Joslin and loses puck.
18:35 of 1st period - Icing by Stefan Ruzicka.
18:36 of 1st period - Stefan Matteau wins face-off versus Luke Adam in Ice Dragons zone.
18:47 of 1st period - Slapshot by Stefan Ruzicka.
18:47 of 1st period - Stopped by Joacim Eriksson with a rebound.
18:49 of 1st period - Slapshot by Michael Stone.
18:49 of 1st period - Deflect By Stefan Ruzicka.
18:49 of 1st period - Shot Misses the Net.
18:49 of 1st period - Puck is out of play.
18:50 of 1st period - Melker Karlsson wins face-off versus Michael Chaput in Mustangs zone.
18:50 of 1st period - Melker Karlsson is hit by Matt Corrente.
18:59 of 1st period - Snap shot by Melker Karlsson.
18:59 of 1st period - Shot Blocked by Matt Corrente.
19:01 of 1st period - Slapshot by Mark Pysyk.
19:01 of 1st period - Stopped by Anders Nilsson without a rebound.
19:02 of 1st period - Michael Chaput wins face-off versus Melker Karlsson in Ice Dragons zone.
19:04 of 1st period - Minor Penalty to Michael Ferland for Hooking.
19:05 of 1st period - Melker Karlsson wins face-off versus Stefan Ruzicka in Ice Dragons zone.
19:39 of 1st period - Snap shot by Stefan Matteau.
19:39 of 1st period - Stopped by Anders Nilsson without a rebound.
19:40 of 1st period - Stefan Ruzicka wins face-off versus Melker Karlsson in Ice Dragons zone.
Goals for this period are 1 for Ice Dragons vs 1 for Mustangs.
Shots for this period are 14 for Ice Dragons vs 12 for Mustangs.
2nd period
0:01 of 2nd period - Melker Karlsson wins face-off versus Stefan Ruzicka in neutral zone.
0:04 of 2nd period - Backhand shot by Brady Skjei.
0:04 of 2nd period - Deflect By Melker Karlsson.
0:04 of 2nd period - Shot Misses the Net.
0:04 of 2nd period - Puck is out of play.
0:05 of 2nd period - Melker Karlsson wins face-off versus Stefan Ruzicka in Ice Dragons zone.
0:08 of 2nd period - Snap shot by Tomas Tatar.
0:08 of 2nd period - Goal by Tomas Tatar - Ice Dragons : 1 - Mustangs : 2.
0:09 of 2nd period - Melker Karlsson wins face-off versus Luke Adam in neutral zone.
0:34 of 2nd period - Derek Joslin is hit by Brandon Kozun and loses puck.
0:39 of 2nd period - Wrist shot by Michael Chaput.
0:39 of 2nd period - Stopped by Joacim Eriksson with a rebound.
0:41 of 2nd period - Slapshot by Michael Stone.
0:41 of 2nd period - Stopped by Joacim Eriksson without a rebound.
0:42 of 2nd period - Melker Karlsson wins face-off versus Michael Chaput in Mustangs zone.
0:53 of 2nd period - Snap shot by Michael Chaput.
0:53 of 2nd period - Shot Misses the Net.
0:55 of 2nd period - Wrist shot by Brandon Kozun.
0:55 of 2nd period - Stopped by Joacim Eriksson without a rebound.
0:56 of 2nd period - Melker Karlsson wins face-off versus Luke Adam in Mustangs zone.
1:01 of 2nd period - Brayden McNabb is hit by Melker Karlsson and loses puck.
1:26 of 2nd period - Snap shot by Michael Chaput.
1:26 of 2nd period - Stopped by Joacim Eriksson with a rebound.
1:38 of 2nd period - Michael Chaput is hit by Josh Jooris.
3:20 of 2nd period - Slapshot by Jim O'Brien.
3:20 of 2nd period - Deflect By Jerome Samson.
3:20 of 2nd period - Stopped by Anders Nilsson with a rebound.
3:22 of 2nd period - Slapshot by Alexei Marchenko.
3:22 of 2nd period - Stopped by Anders Nilsson with a rebound.
4:00 of 2nd period - Slapshot by Brady Skjei.
4:00 of 2nd period - Deflect By Francis Paré.
4:00 of 2nd period - Shot Blocked by Alex Plante.
4:00 of 2nd period - Puck is out of play.
4:01 of 2nd period - Emil Pettersson wins face-off versus Melker Karlsson in Ice Dragons zone.
4:21 of 2nd period - Off-side.
4:22 of 2nd period - Joshua Leivo wins face-off versus Michael Chaput in neutral zone.
4:33 of 2nd period - Snap shot by Josh Jooris.
4:33 of 2nd period - Deflect By Joshua Leivo.
4:33 of 2nd period - Stopped by Anders Nilsson without a rebound.
4:34 of 2nd period - Melker Karlsson wins face-off versus Luke Adam in Ice Dragons zone.
4:35 of 2nd period - Snap shot by Tomas Tatar.
4:35 of 2nd period - Shot Misses the Net.
5:27 of 2nd period - Wrist shot by Brady Skjei.
5:27 of 2nd period - Deflect By Michael Stone.
5:27 of 2nd period - Stopped by Anders Nilsson without a rebound.
5:28 of 2nd period - Melker Karlsson wins face-off versus Luke Adam in Ice Dragons zone.
5:44 of 2nd period - Slapshot by Andrew Shaw.
5:44 of 2nd period - Stopped by Anders Nilsson without a rebound.
5:45 of 2nd period - Stefan Matteau wins face-off versus Michael Chaput in Ice Dragons zone.
6:12 of 2nd period - Brayden McNabb is hit by Andrew Shaw and loses puck.
6:29 of 2nd period - Snap shot by Stefan Ruzicka.
6:29 of 2nd period - Stopped by Joacim Eriksson without a rebound.
6:30 of 2nd period - Jerome Samson wins face-off versus Sam Carrick in Mustangs zone.
6:32 of 2nd period - Minor Penalty to JT Compher for Hooking.
6:33 of 2nd period - Luke Adam wins face-off versus Melker Karlsson in Mustangs zone.
6:37 of 2nd period - Wrist shot by Stefan Ruzicka.
6:37 of 2nd period - Shot Misses the Net.
6:39 of 2nd period - Snap shot by William Carrier.
6:39 of 2nd period - Shot Misses the Net.
6:41 of 2nd period - Slapshot by Stefan Ruzicka.
6:41 of 2nd period - Deflect By Brady Skjei.
6:41 of 2nd period - Stopped by Joacim Eriksson without a rebound.
6:42 of 2nd period - Melker Karlsson wins face-off versus Stefan Ruzicka in Mustangs zone.
6:48 of 2nd period - Icing by Brayden McNabb.
6:49 of 2nd period - Melker Karlsson wins face-off versus Luke Adam in Ice Dragons zone.
6:52 of 2nd period - Snap shot by Andrew Shaw.
6:52 of 2nd period - Goal by Andrew Shaw - Ice Dragons : 1 - Mustangs : 3.
6:53 of 2nd period - Luke Adam wins face-off versus Melker Karlsson in neutral zone.
6:56 of 2nd period - Backhand shot by Matt Corrente.
6:56 of 2nd period - Shot Blocked by Melker Karlsson.
6:58 of 2nd period - Slapshot by Brayden McNabb.
6:58 of 2nd period - Shot Blocked by Brady Skjei.
7:00 of 2nd period - Slapshot by Matt Corrente.
7:00 of 2nd period - Stopped by Joacim Eriksson without a rebound.
7:01 of 2nd period - Luke Adam wins face-off versus Melker Karlsson in Mustangs zone.
8:32 of 2nd period - Penalty to JT Compher is over, JT Compher is back on ice.
9:06 of 2nd period - Samuel Groulx is hit by Ben Harpur and loses puck.
9:43 of 2nd period - Samuel Groulx is hit by Francis Paré and loses puck.
9:48 of 2nd period - Slapshot by Brady Skjei.
9:48 of 2nd period - Shot Blocked by Sam Carrick.
10:10 of 2nd period - Slapshot by Stefan Ruzicka.
10:10 of 2nd period - Shot Misses the Net.
11:38 of 2nd period - Chris Wagner is hit by Scott Mayfield and loses puck.
12:31 of 2nd period - Matt Corrente is hit by Tomas Tatar and loses puck.
12:40 of 2nd period - Wrist shot by Tomas Tatar.
12:40 of 2nd period - Shot Misses the Net.
12:46 of 2nd period - Sam Carrick is hit by Brady Skjei and loses puck.
13:08 of 2nd period - Andrew Shaw is hit by Cole Ully and loses puck.
13:25 of 2nd period - Snap shot by Tomas Tatar.
13:25 of 2nd period - Stopped by Anders Nilsson without a rebound.
13:26 of 2nd period - Luke Adam wins face-off versus Stefan Matteau in Ice Dragons zone.
13:33 of 2nd period - Wrist shot by William Carrier.
13:33 of 2nd period - Shot Misses the Net.
13:35 of 2nd period - Slapshot by Alex Plante.
13:35 of 2nd period - Shot Blocked by Scott Mayfield.
13:37 of 2nd period - Slapshot by Luke Adam.
13:37 of 2nd period - Stopped by Joacim Eriksson with a rebound.
13:39 of 2nd period - Snap shot by Luke Adam.
13:39 of 2nd period - Goal by Luke Adam - Ice Dragons : 2 - Mustangs : 3.
13:40 of 2nd period - Stefan Matteau wins face-off versus Luke Adam in neutral zone.
13:57 of 2nd period - Josh Jooris is hit by Matt Corrente and loses puck.
14:14 of 2nd period - Slapshot by Brandon Kozun.
14:14 of 2nd period - Stopped by Joacim Eriksson with a rebound.
14:16 of 2nd period - Slapshot by Matt Corrente.
14:16 of 2nd period - Shot Hit the Post.
14:18 of 2nd period - Snap shot by Matt Corrente.
14:18 of 2nd period - Shot Blocked by Brady Skjei.
15:44 of 2nd period - William Carrier is hit by Melker Karlsson.
16:20 of 2nd period - Snap shot by Justin Shugg.
16:20 of 2nd period - Shot Misses the Net.
16:48 of 2nd period - Snap shot by Josh Jooris.
16:48 of 2nd period - Shot Misses the Net.
17:17 of 2nd period - Wrist shot by Sam Carrick.
17:17 of 2nd period - Stopped by Joacim Eriksson with a rebound.
18:22 of 2nd period - Chris Wagner is hit by Scott Mayfield and loses puck.
18:33 of 2nd period - Cole Ully is hit by Jim O'Brien and loses puck.
19:25 of 2nd period - Icing by Tomas Tatar.
19:26 of 2nd period - Melker Karlsson wins face-off versus Michael Chaput in Mustangs zone.
19:33 of 2nd period - Derek Joslin is hit by Michael Ferland.
19:42 of 2nd period - Snap shot by Tomas Tatar.
19:42 of 2nd period - Deflect By Andrew Shaw.
19:42 of 2nd period - Shot Hit the Post.
19:42 of 2nd period - Puck is out of play.
19:43 of 2nd period - Stefan Matteau wins face-off versus Luke Adam in Ice Dragons zone.
19:46 of 2nd period - Wrist shot by Stefan Matteau.
19:46 of 2nd period - Shot Misses the Net.
19:48 of 2nd period - Snap shot by Alexei Marchenko.
19:48 of 2nd period - Stopped by Anders Nilsson without a rebound.
19:49 of 2nd period - Stefan Matteau wins face-off versus Luke Adam in Ice Dragons zone.
Goals for this period are 1 for Ice Dragons vs 2 for Mustangs.
Shots for this period are 11 for Ice Dragons vs 9 for Mustangs.
3rd period
0:01 of 3rd period - Melker Karlsson wins face-off versus Luke Adam in neutral zone.
0:08 of 3rd period - Slapshot by Andrew Shaw.
0:08 of 3rd period - Shot Blocked by Brayden McNabb.
0:10 of 3rd period - Slapshot by Andrew Shaw.
0:10 of 3rd period - Stopped by Anders Nilsson without a rebound.
0:11 of 3rd period - Melker Karlsson wins face-off versus Luke Adam in Ice Dragons zone.
1:09 of 3rd period - Wrist shot by Brayden McNabb.
1:09 of 3rd period - Stopped by Joacim Eriksson with a rebound.
2:06 of 3rd period - Slapshot by Brady Skjei.
2:06 of 3rd period - Stopped by Anders Nilsson without a rebound.
2:07 of 3rd period - Tomas Tatar wins face-off versus Sam Carrick in Ice Dragons zone.
2:53 of 3rd period - Samuel Groulx is hit by Jim O'Brien and loses puck.
3:15 of 3rd period - Minor Penalty to Francis Paré for Tripping.
3:16 of 3rd period - Melker Karlsson wins face-off versus Brandon Kozun in Mustangs zone.
3:20 of 3rd period - Minor Penalty to Matt Corrente for Cross-checking.
3:21 of 3rd period - Melker Karlsson wins face-off versus Stefan Ruzicka in Ice Dragons zone.
3:30 of 3rd period - Wrist shot by Tomas Tatar.
3:30 of 3rd period - Deflect By Brayden McNabb.
3:30 of 3rd period - Goal by Tomas Tatar - Ice Dragons : 2 - Mustangs : 4.
3:31 of 3rd period - Stefan Ruzicka wins face-off versus Melker Karlsson in neutral zone.
3:44 of 3rd period - Snap shot by Luke Adam.
3:44 of 3rd period - Deflect By Stefan Ruzicka.
3:44 of 3rd period - Stopped by Joacim Eriksson with a rebound.
3:56 of 3rd period - Luke Adam is hit by Tomas Tatar and loses puck.
4:19 of 3rd period - Wrist shot by Michael Chaput.
4:19 of 3rd period - Shot Misses the Net.
4:21 of 3rd period - Slapshot by Michael Stone.
4:21 of 3rd period - Stopped by Joacim Eriksson with a rebound.
4:23 of 3rd period - Slapshot by Damon Severson.
4:23 of 3rd period - Stopped by Joacim Eriksson without a rebound.
4:24 of 3rd period - Melker Karlsson wins face-off versus Stefan Ruzicka in Mustangs zone.
5:15 of 3rd period - Penalty to Francis Paré is over, Francis Paré is back on ice.
5:15 of 3rd period - Slapshot by Michael Stone.
5:15 of 3rd period - Deflect By Emil Pettersson.
5:15 of 3rd period - Deflect By Brady Skjei.
5:15 of 3rd period - Shot Blocked by Brady Skjei.
5:15 of 3rd period - Puck is out of play.
5:16 of 3rd period - Sam Carrick wins face-off versus Stefan Matteau in Mustangs zone.
5:20 of 3rd period - Penalty to Matt Corrente is over, Matt Corrente is back on ice.
5:29 of 3rd period - Slapshot by Brandon Kozun.
5:29 of 3rd period - Shot Misses the Net.
5:31 of 3rd period - Snap shot by Matt Corrente.
5:31 of 3rd period - Shot Blocked by Mark Pysyk.
5:33 of 3rd period - Snap shot by Michael Ferland.
5:33 of 3rd period - Deflect By Stefan Matteau.
5:33 of 3rd period - Shot Misses the Net.
5:33 of 3rd period - Puck is out of play.
5:34 of 3rd period - Michael Chaput wins face-off versus Melker Karlsson in Mustangs zone.
5:39 of 3rd period - Snap shot by Michael Chaput.
5:39 of 3rd period - Shot Misses the Net.
5:41 of 3rd period - Slapshot by Matt Corrente.
5:41 of 3rd period - Stopped by Joacim Eriksson without a rebound.
5:42 of 3rd period - Michael Chaput wins face-off versus Tomas Tatar in Mustangs zone.
5:43 of 3rd period - Snap shot by Brayden McNabb.
5:43 of 3rd period - Stopped by Joacim Eriksson without a rebound.
5:44 of 3rd period - Michael Chaput wins face-off versus Andrew Shaw in Mustangs zone.
6:21 of 3rd period - Snap shot by Michael Chaput.
6:21 of 3rd period - Shot Blocked by Derek Joslin.
6:23 of 3rd period - Wrist shot by Matt Corrente.
6:23 of 3rd period - Stopped by Joacim Eriksson with a rebound.
6:25 of 3rd period - Snap shot by Brandon Kozun.
6:25 of 3rd period - Stopped by Joacim Eriksson with a rebound.
6:27 of 3rd period - Snap shot by Brayden McNabb.
6:27 of 3rd period - Shot Misses the Net.
6:39 of 3rd period - Brady Skjei is hit by Brayden McNabb and loses puck.
7:12 of 3rd period - Slapshot by Brayden McNabb.
7:12 of 3rd period - Stopped by Joacim Eriksson with a rebound.
7:14 of 3rd period - Snap shot by Michael Ferland.
7:14 of 3rd period - Deflect By Tomas Tatar.
7:14 of 3rd period - Stopped by Joacim Eriksson with a rebound.
7:27 of 3rd period - Wrist shot by Michael Chaput.
7:27 of 3rd period - Shot Misses the Net.
7:29 of 3rd period - Slapshot by Matt Corrente.
7:29 of 3rd period - Stopped by Joacim Eriksson with a rebound.
7:31 of 3rd period - Slapshot by Brandon Kozun.
7:31 of 3rd period - Stopped by Joacim Eriksson with a rebound.
7:33 of 3rd period - Wrist shot by Michael Ferland.
7:33 of 3rd period - Shot Blocked by Brady Skjei.
9:31 of 3rd period - Melker Karlsson is hit by Michael Ferland and loses puck.
10:06 of 3rd period - Snap shot by Brandon Kozun.
10:06 of 3rd period - Stopped by Joacim Eriksson without a rebound.
10:07 of 3rd period - Stefan Matteau wins face-off versus Luke Adam in Mustangs zone.
10:18 of 3rd period - Wrist shot by Josh Jooris.
10:18 of 3rd period - Shot Misses the Net.
10:32 of 3rd period - Alexei Marchenko is hit by Sam Carrick and loses puck.
11:56 of 3rd period - Jim O'Brien is hit by Alex Plante and loses puck.
12:19 of 3rd period - Alex Plante is hit by Josh Jooris and loses puck.
14:52 of 3rd period - JT Compher is hit by Cole Ully and loses puck.
15:50 of 3rd period - Jerome Samson is hit by Cole Ully and loses puck.
Goals for this period are 0 for Ice Dragons vs 1 for Mustangs.
Shots for this period are 13 for Ice Dragons vs 3 for Mustangs.
Back to the Top